 Dungeon Sprint DCSS version 0.30-a0-29-g142975f185 (webtiles) character file.

Game seed: 2498425310683467723

988 jt the Unseen (level 8, -10/48 HPs)
             Began as a Kobold Brigand on Aug 25, 2022.
             Was a Follower of Dithmenos.
             Mangled by a sixfirhy (11 damage)
             ... summoned by a kobold demonologist
             ... in the Dungeon (Sprint I: "Red Sonja").
             The game lasted 00:01:08 (118 turns).

jt the Unseen (Kobold Brigand)                       Turns: 118, Time: 00:01:08

Health: -10/48     AC:  3    Str:  8    XL:     8   Next: 41%
Magic:  8/8        EV: 14    Int: 13    God:    Dithmenos [*.....]
Gold:   425        SH:  0    Dex: 18    Spells: 7/7 levels left

rFire   . . .      SeeInvis .    a - +3 dagger (pain)
rCold   . . .      Faith    .    (no shield)
rNeg    . . .      Spirit   .    b - +0 robe
rPois   .          Reflect  .    (no helmet)
rElec   .          Harm     .    c - +0 cloak
rCorr   .          Rampage  .    (no gloves)
Will    .....      NoTele   +    (no boots)
Stlth   ++++++++++               (no amulet)
HPRegen 0.16/turn                (no ring)
MPRegen 0.11/turn                (no ring)

@: wreathed by umbra
A: small, no large weapons, nightstalker 3
a: Renounce Religion


You were in the Dungeon.
You worshipped Dithmenos.
Dithmenos was aware of your devotion.
You visited 1 branch You collected 425 gold pieces.

Inventory:

Hand Weapons
 a - a +3 dagger of pain (weapon)
 m - a +2 dagger
 o - a +0 spear
Missiles
 d - 9 poisoned darts (quivered)
 e - 3 curare-tipped darts
Armour
 b - a +0 robe (worn)
 c - a +0 cloak (worn)
 n - a +0 leather armour
Wands
 l - a wand of roots (11)
Scrolls
 k - a scroll of blinking
Potions
 f - a potion of curing
 g - a potion of heal wounds
 h - a potion of haste
 i - 2 potions of magic
 j - 3 potions of berserk rage


   Skills:
 + Level 4.6 Fighting
 + Level 5.6 Short Blades
 - Level 2.1 Throwing
 - Level 1.2 Dodging
 + Level 18.9 Stealth
 + Level 11.6 Evocations


You had 7 spell levels left.
You didn't know any spells.
Your spell library was empty.

Dungeon Overview and Level Annotations

Branches:
Dungeon (1/1)

Altars:
Cheibriados
Dithmenos
Elyvilon
Fedhas
Gozag
Hepliaklqana
Kikubaaqudgha
Makhleb
Nemelex Xobeh
Okawaru
Qazlal
Ru
Sif Muna
Trog
Uskayaw
Vehumet
Wu Jian
Xom
Yredelemnul
Zin
The Shining One
Jiyva
Lugonu

Shops:
D ?


Innate Abilities, Weirdness & Mutations

You are small and have problems with some larger weapons.
You are completely attuned to the shadows.


Message History

Your Short Blades skill gained 2 levels and is now at level 4!
Your Evocations skill increases to level 11!
You have reached level 8!
You hit the kobold demonologist.
The kobold demonologist is heavily wounded.
The grasping roots constrict the kobold demonologist!!
The grasping roots constrict the kobold demonologist!
The roots release their grip on the kobold demonologist.
The kobold demonologist hits you with a +0 dagger. x2
Unknown command.
You barely miss the kobold demonologist.
The kobold demonologist is almost dead.
The grasping roots constrict the kobold demonologist!
You kill the kobold demonologist!
Dithmenos accepts your kill.
You are shrouded in an aura of darkness!
Your Fighting skill increases to level 4!
Your Short Blades skill increases to level 5!
You barely miss the kobold demonologist.
The kobold demonologist is almost dead.
The kobold demonologist hits you but does no damage.
You barely miss the kobold demonologist.
The kobold demonologist is almost dead.
The kobold demonologist casts a spell.
You hit the kobold demonologist but do no damage.
The kobold demonologist is almost dead.
The sixfirhy hits you! The sixfirhy shocks you!
* * * LOW HITPOINT WARNING * * *
The kobold demonologist barely misses you.
The sixfirhy misses you.
Unknown command.
Aiming: Fastroot
Press: ? - help, Shift-Dir - straight line The roots erupt in riotous growth!
Roots grab the sixfirhy.
The grasping roots constrict the sixfirhy!
The sixfirhy misses you. The sixfirhy hits you!
* * * LOW HITPOINT WARNING * * *
The sixfirhy shocks you!
You die...

####################
'..#.)'..#__#..'.).#
#.)'..#..'..'..#@3.#
##'#####'#__####.K.+
#..#...#.#### #####
####..##)#
___##'#_.+
∩...'..._#
.__##_.#'#
___###+#.# #### ###


You could see a kobold demonologist and a sixfirhy (summoned, rooted).

Vanquished Creatures
  A kobold demonologist (D)
  Sigmund (D)
  A slime creature (D)
  A yak (D)
  A floating eye (D)
  An ogre (D)
  A jelly (D)
  Ijyb (D)
8 creatures vanquished.

Notes
Turn   | Place    | Note
-------+----------+-------------------------------------------
     0 | D        | jt the Kobold Brigand began the quest for the Orb.
     0 | D        | Reached XP level 1. HP: 12/12 MP: 1/1
     2 | D        | Noticed Ijyb
     4 | D        | Killed Ijyb
     5 | D        | Reached skill level 9 in Stealth
     5 | D        | Reached XP level 2. HP: 17/17 MP: 2/2
     5 | D        | Reached XP level 3. HP: 21/21 MP: 3/3
    12 | D        | Noticed an ogre
    14 | D        | Killed an ogre
    15 | D        | Reached skill level 13 in Stealth
    15 | D        | Reached XP level 4. HP: 26/26 MP: 4/4
    15 | D        | Reached XP level 5. HP: 30/30 MP: 5/5
    17 | D        | Noticed Sigmund
    19 | D        | Killed Sigmund
    20 | D        | Reached skill level 16 in Stealth
    20 | D        | Reached XP level 6. HP: 35/35 MP: 6/6
    36 | D        | Found an ornate altar of the Wu Jian Council.
    36 | D        | Found a shimmering blue altar of Sif Muna.
    37 | D        | Found a radiant altar of Vehumet.
    55 | D        | Found a hazy altar of Hepliaklqana.
    55 | D        | Found a hide-covered altar of Uskayaw.
    55 | D        | Found an opulent altar of Gozag.
    55 | D        | Noticed a yak
    56 | D        | Found Kukof's Magic Scroll Emporium.
    56 | D        | Found a stormy altar of Qazlal.
    56 | D        | Found a blossoming altar of Fedhas.
    56 | D        | Found a bloodstained altar of Trog.
    56 | D        | Found a snail-covered altar of Cheibriados.
    57 | D        | Killed a yak
    58 | D        | Reached skill level 17 in Stealth
    58 | D        | Reached XP level 7. HP: 40/40 MP: 7/7
    58 | D        | Found an iron altar of Okawaru.
    58 | D        | Found a sparkling altar of Nemelex Xobeh.
    58 | D        | Found a sacrificial altar of Ru.
    58 | D        | Found a glowing silver altar of Zin.
    59 | D        | Found an ancient bone altar of Kikubaaqudgha.
    59 | D        | Found a basalt altar of Yredelemnul.
    59 | D        | Found a glowing golden altar of the Shining One.
    59 | D        | Found a shadowy altar of Dithmenos.
    59 | D        | Found a white marble altar of Elyvilon.
    64 | D        | Became a worshipper of Dithmenos the Shadowed
    92 | D        | Found a burning altar of Makhleb.
    92 | D        | Found a viscous altar of Jiyva.
    92 | D        | Found a shimmering altar of Xom.
    92 | D        | Found a corrupted altar of Lugonu.
    92 | D        | Noticed a slime creature
    95 | D        | Killed a slime creature
    96 | D        | Reached skill level 18 in Stealth
    96 | D        | Reached skill level 10 in Evocations
   107 | D        | Noticed a kobold demonologist
   108 | D        | Noticed a kobold demonologist
   113 | D        | Reached XP level 8. HP: 39/46 MP: 8/8
   114 | D        | Killed a kobold demonologist
   114 | D        | Reached * piety under Dithmenos
   115 | D        | Reached skill level 5 in Short Blades
   117 | D        | Noticed a sixfirhy
   118 | D        | HP: 1/48 [sixfirhy[a kobold demonologist] (12)]
   118 | D        | Mangled by a sixfirhy

Illustrated notes

Levels and vault maps discovered:
D:        dungeon_sprint_1 [red_sonja_temple_1, red_sonja_temple_small_1]

Skill      XL: |  1  2  3  4  5  6  7  8 |
---------------+-------------------------+-----
Stealth        | 9 13 16 17 18 | 18.9
Evocations     | 7 9 11 | 11.6
Fighting       | 3 4 |  4.6
Short Blades   | 4 5 |  5.6
Throwing       | |  2.1
Dodging        | |  1.2

Action                   |  1- 3 |  4- 6 |  7- 9 || total
-------------------------+-------+-------+-------++-------
Melee: Dagger            |     2 |     3 |     8 ||    13
Evoke: Wand              |       |       |     2 ||     2
 Stab: Sleeping          |     2 |     3 |     1 ||     6
Armor: Robe              |       |       |     2 ||     2
Dodge: Dodged            |       |       |     5 ||     5

Table legend: (Time is in decaauts)
 A = Elapsed time spent in this place.
 B = Non-inter-level travel time spent in this place.
 C = Inter-level travel time spent in this place.
 D = Time resting spent in this place.
 E = Time spent auto-exploring this place.
 F = Levels seen in this place.
 G = Mean time per level.
                   A        B        C        D        E       F      G
               +--------+--------+--------+--------+--------+-----+--------+
         Total |    115 |    115 |      0 |      0 |      0 |   1 |  115.0 |
       Dungeon |    115 |    115 |      0 |      0 |      0 |   1 |  115.0 |
               +--------+--------+--------+--------+--------+-----+--------+

Top non-repeatable levels by time:
       D: 115 daAuts
